 Dungeon Crawl Stone Soup version 0.23.1 (webtiles) character file.

Game seed: 2900475235330207602

372 night the Magician (level 6, -3/47 HPs)
             Began as a Gnoll Wanderer on Mar 17, 2019.
             Was an Initiate of Cheibriados.
             Slain by an ice beast (13 damage)
             ... on level 5 of the Dungeon.
             The game lasted 00:11:38 (4227 turns).

night the Magician (Gnoll Wanderer)                 Turns: 4227, Time: 00:11:38

Health: -3/47      AC:  5    Str: 14    XL:     6   Next: 71%
Magic:  12/16      EV: 12    Int: 20    God:    Cheibriados [......]
Gold:   254        SH:  0    Dex: 14    Spells: 6/19 levels left

rFire    . . .     SeeInvis .   r - +2 dagger (venom)
rCold    . . .     Gourm    .   (no shield)
rNeg     . . .     Faith    .   d - +0 robe
rPois    .         Spirit   .   l - +0 helmet
rElec    .         Reflect  .   (no cloak)
rCorr    .         Harm     .   q - +1 pair of gloves
MR       .....                  (no boots)
Stlth    ++........             (no amulet)
HPRegen  0.15/turn              (no ring)
MPRegen  0.15/turn              (no ring)

@: lethally poisoned (-3 -> -9), very slow
A: distributed training, fangs 1, strong nose
a: Bend Time, Renounce Religion


You were on level 5 of the Dungeon.
You worshipped Cheibriados.
Cheibriados was noncommittal.
You were not hungry.

You visited 1 branch of the dungeon, and saw 6 of its levels.

You collected 254 gold pieces.

Inventory:

Hand Weapons
 g - a +0 long sword
 r - a +2 dagger of venom (weapon)
 w - a +3 whip
Missiles
 h - 112 stones (quivered)
 i - 31 bolts
 k - 2 javelins of penetration
 o - 16 arrows
Armour
 d - a +0 robe (worn)
 l - a +0 helmet (worn)
 q - a +1 pair of gloves (worn)
Scrolls
 a - 9 scrolls of identify {unknown}
 b - a scroll of remove curse
 c - a scroll of teleportation {unknown}
 e - a scroll of enchant armour
 t - a scroll of amnesia {unknown}
Potions
 j - a potion of degeneration {unknown}
 m - a potion of lignification {unknown}
 n - 2 potions of haste {unknown}
 s - a potion of berserk rage {unknown}
 u - a potion of curing {unknown}
 v - a potion of brilliance {unknown}
Comestibles
 f - 8 rations
 p - 3 chunks of flesh


   Skills:
 + Level 3.3 Fighting
 + Level 2.0 Short Blades
 + Level 2.0 Long Blades
 + Level 2.0 Axes
 + Level 5.0 Maces & Flails
 + Level 2.0 Polearms
 + Level 2.0 Staves
 + Level 2.0 Slings
 + Level 2.0 Bows
 + Level 2.0 Crossbows
 + Level 2.0 Throwing
 + Level 2.0 Armour
 + Level 2.0 Dodging
 + Level 3.1 Stealth
 + Level 3.3 Shields
 + Level 2.0 Unarmed Combat
 + Level 7.4 Spellcasting
 + Level 1.6 Conjurations
 + Level 1.6 Hexes
 + Level 1.6 Charms
 + Level 1.6 Summonings
 + Level 1.6 Necromancy
 + Level 1.6 Translocations
 + Level 1.6 Transmutations
 + Level 1.6 Fire Magic
 + Level 2.7 Ice Magic
 + Level 1.6 Air Magic
 + Level 2.7 Earth Magic
 + Level 1.6 Poison Magic
 + Level 2.2 Invocations
 + Level 2.0 Evocations


You had 6 spell levels left.
You knew the following spells:

 Your Spells              Type           Power        Failure   Level  Hunger
a - Freeze                Ice            ###.         3%          1    None
b - Summon Butterflies    Summ           ##......     4%          1    None
c - Throw Icicle          Conj/Ice       ###.....     36%         4    ###....
d - Summon Ice Beast      Ice/Summ       ###.....     36%         4    ###....
e - Ozocubu's Armour      Chrm/Ice       ###.....     11%         3    #......

Your spell library contained the following spells:

 Spells                   Type           Power        Failure   Level  Hunger
 Throw Frost              Conj/Ice       ###...       5%          2    None
 Summon Guardian Golem    Hex/Summ       ##......     14%         3    #......


Dungeon Overview and Level Annotations

Branches:
Dungeon (6/15)
 Temple: D:4-7

Altars:
Ashenzari
Cheibriados
Qazlal
Sif Muna
Vehumet
Xom

Annotations:
D:3 3 runed translucent doors, EtherCrawl's ghost, amateur GnEn


Innate Abilities, Weirdness & Mutations

Your experience applies equally to all skills.
You have very sharp teeth.
Your uncanny sense of smell can sniff out nearby items.


Message History

r - a +2 dagger of venom (weapon)
You hit the worker ant.
The worker ant is poisoned.
You bite the worker ant.
The worker ant is severely wounded.
You feel sick.
The worker ant bites you but does no damage.
Your ice beast misses the ice beast.
The worker ant closely misses you.
You closely miss the ice beast.
You feel sick.
You kill the worker ant!
Cheibriados appreciates the change of pace.
The ice beast hits you. The ice beast freezes you!
Your ice beast hits the ice beast but does no damage.
You completely miss the ice beast.
You feel sick.
The ice beast hits you but does no damage.
Your ice beast closely misses the ice beast.
You closely miss the ice beast. The ice beast misses you.
Your ice beast hits the ice beast but does no damage.
You closely miss the ice beast.
You feel sick. The ice beast hits you.
* * * LOW HITPOINT WARNING * * *
The ice beast freezes you!
You die...

.................[.).#.#
........#######..#####.#
........# ### #..#.....#
........#######[.#.###+#.
........+.._..'.)........
........###.###.#.....<..
........# #.# #.#........
$.....(.###'###.#.......#
(......Y@.......#########
....>..Y..###.#.......
..........# #.........
..........# ###.......
..........# #.......
##.######## #....... #.
#####+##


You could see an ice beast and a friendly ice beast.

Vanquished Creatures
  2 orc wizards
  3 worker ants
  A hound skeleton (D:4)
  4 gnolls (D:3)
  7 adders
  2 oozes
  A worm (D:2)
  7 leopard geckos
  11 orcs
  2 ball pythons (D:2)
  5 giant cockroaches
  10 hobgoblins
  22 jackals
  5 kobolds
  A quokka (D:2)
  3 bats
  A frilled lizard (D:3)
  9 goblins
  8 rats
104 creatures vanquished.

Notes
Turn   | Place    | Note
-------+----------+-------------------------------------------
     0 | D:1      | night the Gnoll Wanderer began the quest for the Orb.
     0 | D:1      | night set off with the following items: a +0 mace, a +0
                  | robe, a ration; and the following spells available to
                  | memorise: Freeze, Summon Butterflies, Throw Frost,
                  | Ozocubu's Armour, Summon Guardian Golem, Summon Ice Beast,
                  | Throw Icicle
     0 | D:1      | Reached XP level 1. HP: 17/17 MP: 8/8
     2 | D:1      | Learned a level 1 spell: Freeze
    65 | D:1      | Learned a level 1 spell: Summon Butterflies
   256 | D:1      | Reached XP level 2. HP: 23/23 MP: 10/10
  1216 | D:2      | Reached XP level 3. HP: 26/28 MP: 8/11
  1386 | D:2      | Learned a level 3 spell: Ozocubu's Armour
  1452 | D:2      | Reached skill level 1 in Invocations
  1628 | D:2      | Reached skill level 1 in Short Blades
  1628 | D:2      | Reached skill level 1 in Long Blades
  1628 | D:2      | Reached skill level 1 in Axes
  1628 | D:2      | Reached skill level 1 in Polearms
  1628 | D:2      | Reached skill level 1 in Staves
  1628 | D:2      | Reached skill level 1 in Slings
  1628 | D:2      | Reached skill level 1 in Bows
  1628 | D:2      | Reached skill level 1 in Crossbows
  1628 | D:2      | Reached skill level 1 in Throwing
  1628 | D:2      | Reached skill level 1 in Armour
  1628 | D:2      | Reached skill level 1 in Dodging
  1628 | D:2      | Reached skill level 1 in Unarmed Combat
  1628 | D:2      | Reached skill level 1 in Evocations
  1628 | D:2      | Reached XP level 4. HP: 34/34 MP: 8/13
  2497 | D:3      | Reached skill level 1 in Conjurations
  2497 | D:3      | Reached skill level 1 in Hexes
  2497 | D:3      | Reached skill level 1 in Charms
  2497 | D:3      | Reached skill level 1 in Summonings
  2497 | D:3      | Reached skill level 1 in Necromancy
  2497 | D:3      | Reached skill level 1 in Translocations
  2497 | D:3      | Reached skill level 1 in Transmutations
  2497 | D:3      | Reached skill level 1 in Fire Magic
  2497 | D:3      | Reached skill level 1 in Air Magic
  2497 | D:3      | Reached skill level 1 in Poison Magic
  2543 | D:3      | Found a runed translucent gate.
  2543 | D:3      | Found a runed translucent gate.
  2543 | D:3      | Found a runed translucent gate.
  2750 | D:3      | Reached XP level 5. HP: 37/40 MP: 11/14
  2759 | D:3      | Learned a level 4 spell: Summon Ice Beast
  3179 | D:3      | Learned a level 4 spell: Throw Icicle
  3429 | D:3      | Found a snail-covered altar of Cheibriados.
  3429 | D:3      | Found a stormy altar of Qazlal.
  3430 | D:3      | Found a radiant altar of Vehumet.
  3439 | D:3      | Reached XP level 6. HP: 46/47 MP: 16/16
  3451 | D:3      | Became a worshipper of Cheibriados the Contemplative
  3486 | D:3      | Noticed EtherCrawl's ghost (amateur GnEn)
  3756 | D:4      | Found a deep blue altar of Sif Muna.
  3756 | D:4      | Found a shattered altar of Ashenzari.
  3938 | D:4      | You fall through a shaft for 2 floors!
  3994 | D:6      | Noticed a sky beast
  4006 | D:5      | Entered Level 5 of the Dungeon
  4023 | D:5      | Reached skill level 5 in Maces & Flails
  4073 | D:5      | Found a shimmering altar of Xom.
  4214 | D:5      | Noticed an ice beast
  4227 | D:5      | Slain by an ice beast

Skill      XL: |  1  2  3  4  5  6 |
---------------+-------------------+-----
Ice Magic      | 2 |  2.7
Earth Magic    | 2 |  2.7
Invocations    | 1 2 |  2.2
Short Blades   | 1 2 |  2.0
Long Blades    | 1 2 |  2.0
Axes           | 1 2 |  2.0
Polearms       | 1 2 |  2.0
Staves         | 1 2 |  2.0
Slings         | 1 2 |  2.0
Bows           | 1 2 |  2.0
Crossbows      | 1 2 |  2.0
Throwing       | 1 2 |  2.0
Armour         | 1 2 |  2.0
Dodging        | 1 2 |  2.0
Unarmed Combat | 1 2 |  2.0
Evocations     | 1 2 |  2.0
Conjurations   | 1 |  1.6
Hexes          | 1 |  1.6
Charms         | 1 |  1.6
Summonings     | 1 |  1.6
Necromancy     | 1 |  1.6
Translocations | 1 |  1.6
Transmutations | 1 |  1.6
Fire Magic     | 1 |  1.6
Air Magic      | 1 |  1.6
Poison Magic   | 1 |  1.6
Fighting       | 3 |  3.3
Shields        | 3 |  3.3
Stealth        | 3 |  3.1
Maces & Flails | 5 |  5.0
Spellcasting   | |  7.4

Action                   |  1- 3 |  4- 6 || total
-------------------------+-------+-------++-------
Melee: Mace              |    29 |     1 ||    30
       Bite              |     3 |    25 ||    28
       Long sword        |       |    90 ||    90
       Punch             |       |     3 ||     3
       Dagger            |       |    69 ||    69
       Whip              |       |     7 ||     7
 Cast: Freeze            |    41 |    50 ||    91
       Summon Butterflie |     2 |     1 ||     3
       Ozocubu's Armour  |       |     1 ||     1
       Summon Ice Beast  |       |     1 ||     1
  Use: Scroll            |       |     4 ||     4
 Stab: Sleeping          |     1 |     3 ||     4
  Eat: Chunk             |     2 |     9 ||    11
Armor: Robe              |    14 |    67 ||    81
Dodge: Dodged            |    32 |   146 ||   178
       Rpst.: Long sword |       |    41 ||    41
